 Dungeon Crawl Stone Soup version 0.30-a0-509-gd016549fea (webtiles) character file.

Game seed: 1022489766920614280

1859759 jt the Heavyweight Champion (level 26, 278/278 (286) HPs)
             Began as a Troll Fighter on Dec 22, 2022.
             Was the Champion of Wu Jian.
             Escaped with the Orb
             ... and 3 runes on Dec 23, 2022!
             The game lasted 04:40:58 (55802 turns).

jt the Heavyweight Champion (Troll Fighter)        Turns: 55802, Time: 04:40:59

HP:   278/278 (286) AC: 23    Str: 37 (40) XL:     26   Next: 23%
MP:   23/23         EV: 10    Int: 10 (12) God:    Wu Jian [******]
Gold: 5969          SH: 16    Dex: 13 (15) Spells: 23/27 levels left

rFire   + + .      SeeInvis +      - Unarmed
rCold   + + +      Faith    .    X - +1 kite shield of the Carved Wild Haggis {+Blink}
rNeg    + + .      Spirit   .    e - +2 ice dragon scales of the Hidden Yaks {rF- rC++ rN++}
rPois   +          Reflect  .    W - +2 hat
rElec   +          Harm     .    Y - +1 cloak {Will+}
rCorr   .          Rampage  .    (gloves unavailable)
Will    ++++.                    (boots unavailable)
Stlth   +.........               P - amulet of Hioteymo {rElec rPois Regen+ SInv}
HPRegen 2.26/turn                Q - ring of Faomaamann {Fly rElec rF+++ Dex+8 Stlth-}
MPRegen 0.18/turn                k - ring of Giqaff Finu {rC+ Will+ Str+9 Stlth+}

@: flying, studying Ranged Weapons, lightly drained
A: large, unfitting armour, claws 3, regeneration 1, shaggy fur 1, tough skin 1,
clumsy 1, deterioration 1, strong-willed 1, sturdy frame 1
0: Orb of Zot
}: 3/15 runes: barnacled, silver, gossamer
a: Renounce Religion, Evoke Blink, Wall Jump, Serpent's Lash, Heavenly Storm


You escaped.
You worshipped Wu Jian.
Wu Jian was exalted by your worship.
You visited 11 branches of the dungeon, and saw 51 of its levels.
You visited 1 bazaar.

You collected 9803 gold pieces.
You spent 3834 gold pieces at shops.

Inventory:

Hand Weapons
 v - a +3 demon trident of freezing
Missiles
 d - 26 javelins (quivered)
 D - 11 throwing nets
 G - 5 silver javelins
 I - 57 large rocks
 L - 6 silver boomerangs
Armour
 e - the +2 ice dragon scales of the Hidden Yaks (worn) {rF- rC++ rN++}
   (You found it on level 3 of the Elven Halls)

   rF:        It makes you vulnerable to fire.
   rC:        It greatly protects you from cold.
   rN:        It greatly protects you from negative energy.
 q - the +3 kite shield of the Slightly Bent {Will+ Str+2}
   (You acquired it on level 1 of the Crypt)

   Str:       It affects your strength (+2).
   Will:      It increases your willpower.
 W - a +2 hat (worn)
 X - the +1 kite shield of the Carved Wild Haggis (worn) {+Blink}
   (You took it off Asterion on level 2 of the Depths)

   +Blink:    It lets you blink.
 Y - a +1 cloak of willpower (worn)
Jewellery
 k - the ring of Giqaff Finu (right claw) {rC+ Will+ Str+9 Stlth+}
   (You took it off a deep elf archer on level 3 of the Elven Halls)

   [ring of willpower]

   Str:       It affects your strength (+9).
   rC:        It protects you from cold.
   Will:      It increases your willpower.
   Stlth:     It makes you more stealthy.
 z - the ring of Liajeig {rF++ rN+ Dex+4}
   (You took it off a yaktaur captain on level 5 of the Vaults)

   [ring of positive energy]

   Dex:       It affects your dexterity (+4).
   rF:        It greatly protects you from fire.
   rN:        It protects you from negative energy.
 M - the ring of the Mage {Wiz Archmagi}
   (You found it on level 2 of the Shoals)

   [ring of wizardry]

   It improves your spell success rate.
   Archmagi:  It increases the power of your magical spells.
 N - the ring of Kewnez {+Blink Fly rC+ rCorr}
   (You acquired it on level 9 of the Dungeon)

   [ring of flight]

   rC:        It protects you from cold.
   Fly:       It grants you flight.
   +Blink:    It lets you blink.
   rCorr:     It protects you from acid and corrosion.
 P - the amulet of Hioteymo (around neck) {rElec rPois Regen+ SInv}
   (You bought it in a shop on level 12 of the Dungeon)

   [amulet of regeneration]

   rElec:     It insulates you from electricity.
   rPois:     It protects you from poison.
   SInv:      It lets you see invisible.
   Regen:     It increases your rate of health regeneration.
 Q - the ring of Faomaamann (left claw) {Fly rElec rF+++ Dex+8 Stlth-}
   (You found it on level 2 of the Shoals)

   [ring of flight]

   Dex:       It affects your dexterity (+8).
   rF:        It renders you almost immune to fire.
   rElec:     It insulates you from electricity.
   Fly:       It grants you flight.
   Stlth:     It makes you less stealthy.
Wands
 a - a wand of mindburst (18)
 c - a wand of paralysis (26)
 j - a wand of digging (19)
 m - a wand of light (3)
 o - a wand of flame (74)
 V - a wand of polymorph (12)
Scrolls
 f - 3 scrolls of magic mapping
 g - 7 scrolls of silence
 h - 10 scrolls of fog
 l - 6 scrolls of fear
 t - 5 scrolls of immolation
 u - 5 scrolls of butterflies
 y - 5 scrolls of poison
 E - 5 scrolls of blinking
 F - 13 scrolls of teleportation
 O - 6 scrolls of vulnerability
Potions
 i - 4 potions of berserk rage
 n - 6 potions of brilliance
 p - 4 potions of invisibility
 r - 3 potions of cancellation
 s - 30 potions of curing
 w - 17 potions of mutation
 x - 6 potions of haste
 A - 6 potions of magic
 C - 14 potions of ambrosia
 H - 8 potions of resistance
 J - 7 potions of heal wounds
 K - 13 potions of attraction
 U - 4 potions of might
Miscellaneous
 b - a phial of floods
 B - a box of beasts
 R - a tin of tremorstones (2/2)
 S - a condenser vane
 T - a lightning rod (4/4)
 Z - a phantom mirror


   Skills:
 + Level 20.9 Fighting
 - Level 2.0 Throwing
 + Level 15.0 Armour
 - Level 4.5 Dodging
 + Level 4.9 Stealth
 + Level 22.0 Shields
 O Level 27 Unarmed Combat
 - Level 1.0 Spellcasting
 + Level 3.9 Translocations
 - Level 8.0 Transmutations
 - Level 2.0 Evocations


You had 23 spell levels left.
You knew the following spells:

 Your Spells              Type           Power      Damage    Failure   Level
a - Wereblood             Tmut           16%        N/A       3%          2
b - Blink                 Tloc           16%        N/A       19%         2

Your spell library contained the following spells:

 Spells                   Type           Power      Damage    Failure   Level
 Beastly Appendage        Tmut           32%        N/A       2%          1
 Spider Form              Tmut/Pois      8%         N/A       32%         3
 Gell's Gravitas          Tloc           8%         N/A       34%         3
 Teleport Other           Tloc           8%         N/A       34%         3
 Magic Dart               Conj           0%         1d3       50%         1
 Slow                     Hex            0%         N/A       50%         1
 Ignite Poison            Fire/Tmut/Pois 5%         N/A       52%         3
 Blade Hands              Tmut           8%         N/A       52%         5
 Portal Projectile        Hex/Tloc       8%         N/A       61%         3
 Vhi's Electric Charge    Tloc/Air       8%         N/A       61%         3
 Call Imp                 Summ           0%         N/A       65%         2
 Cigotuvi's Dreadful Rot  Necr/Pois/Air  0%         N/A       65%         2
 Poisonous Vapours        Pois/Air       0%         N/A       65%         2
 Scorch                   Fire           0%         2d5       65%         2
 Sublimation of Blood     Necr           0%         N/A       65%         2
 Petrify                  Tmut/Erth      8%         N/A       73%         4
 Manifold Assault         Tloc           8%         N/A       75%         4
 Call Canine Familiar     Summ           0%         N/A       86%         3
 Confusing Touch          Hex            0%         N/A       86%         3
 Dazzling Flash           Conj/Hex       0%         N/A       86%         3
 Inner Flame              Hex/Fire       0%         N/A       86%         3
 Mephitic Cloud           Conj/Pois/Air  0%         N/A       86%         3
 Ozocubu's Armour         Ice            0%         N/A       86%         3
 Stone Arrow              Conj/Erth      0%         3d7       86%         3
 Summon Guardian Golem    Hex/Summ       0%         N/A       86%         3
 Tukima's Dance           Hex            0%         N/A       86%         3
 Vampiric Draining        Necr           0%         2d6       86%         3
 Iskenderun's Mystic Bla  Conj/Tloc      4%         2d3       95%         4
 Irradiate                Conj/Tmut      4%         3d13      97%         5
 Yara's Violent Unravell  Hex/Tmut       4%         3d4       97%         5
 Animate Armour           Summ/Erth      0%         N/A       99%         4
 Animate Dead             Necr           0%         N/A       99%         4
 Cause Fear               Hex            0%         N/A       99%         4
 Flame Wave               Conj/Fire      0%         2d4       99%         4
 Leda's Liquefaction      Hex/Erth       0%         N/A       99%         4
 Sticky Flame             Conj/Fire      0%         2d3       99%         4
 Summon Ice Beast         Ice/Summ       0%         N/A       99%         4
 Arcjolt                  Conj/Air       0%         1d10      100%        5
 Borgnjor's Vile Clutch   Necr/Erth      0%         N/A       100%        5
 Fireball                 Conj/Fire      0%         3d3       100%        5
 Iskenderun's Battlesphe  Conj           0%         2d6       100%        5
 Metabolic Englaciation   Hex/Ice        0%         N/A       100%        5
 Summon Mana Viper        Hex/Summ       0%         N/A       100%        5
 Conjure Ball Lightning   Conj/Air       0%         3x3d6     100%        6
 Death Channel            Necr           0%         N/A       100%        6
 Dispersal                Tloc           4%         N/A       100%        6
 Iron Shot                Conj/Erth      0%         9d1       100%        6
 Simulacrum               Ice/Necr       0%         N/A       100%        6
 Starburst                Conj/Fire      0%         6d3       100%        6
 Summon Cactus Giant      Summ           0%         N/A       100%        6
 Dragon Form              Tmut           8%         N/A       100%        7
 Enfeeble                 Hex            0%         N/A       100%        7
 Orb of Destruction       Conj           0%         9d5       100%        7
 Spellforged Servitor     Conj/Summ      0%         N/A       100%        7
 Storm Form               Tmut/Air       4%         N/A       100%        7
 Summon Hydra             Summ           0%         N/A       100%        7
 Borgnjor's Revivificati  Necr           0%         N/A       100%        8
 Discord                  Hex            0%         N/A       100%        8
 Ignition                 Fire           0%         3d3       100%        8
 Lehudib's Crystal Spear  Conj/Erth      0%         10d2      100%        8
 Maxwell's Capacitive Co  Air            0%         ∞         100%        8
 Necromutation            Tmut/Necr      4%         N/A       100%        8
 Chain Lightning          Conj/Air       0%         N/A       100%        9
 Death's Door             Necr           0%         N/A       100%        9
 Fire Storm               Conj/Fire      0%         5d1       100%        9
 Shatter                  Erth           0%         3d5*      100%        9


Dungeon Overview and Level Annotations

Branches:
Dungeon (15/15)            Temple (1/1) D:7            Lair (5/5) D:10
 Shoals (4/4) Lair:3       Spider (4/4) Lair:2          Orc (2/2) D:9
    Elf (3/3) Orc:2        Vaults (5/5) D:13          Crypt (3/3) Vaults:3
   Tomb (0/3) Crypt:3      Depths (4/4) D:15            Zot (5/5) Depths:4
  Slime: Lair:4-5

Altars:
Ashenzari
Cheibriados
Dithmenos
Elyvilon
Fedhas
Gozag
Hepliaklqana
Kikubaaqudgha
Makhleb
Nemelex Xobeh
Okawaru
Qazlal
Ru
Sif Muna
Trog
Uskayaw
Vehumet
Wu Jian
Xom
Yredelemnul
Zin
The Shining One
Jiyva
Lugonu

Shops:
D:3 *   D:5 (   D:6 [!   D:12 =   Orc:2 (==([   Elf:1 ::=   Elf:2 [   Elf:3 (:?
Vaults:1 *   Vaults:3 [(*(   Vaults:4 !   Vaults:5 ?   Depths:3 [[(
Depths:4 *

Portals:
Hell: Depths:1 Depths:2 Depths:3 Depths:4
Abyss: Shoals:2 Depths:3 Depths:4
Pandemonium: Depths:2 Depths:3
Ziggurat: Depths:2

Annotations:
Lair:4 exclusion: 2 oklob plants
Shoals:2 1 runed translucent door
Elf:2 5 runed translucent doors


Innate Abilities, Weirdness & Mutations

You are too large for most types of armour.
You have claws for hands.
Your natural rate of healing is unusually fast.
You are covered in fur. (AC +1)
You have tough skin. (AC +1)
You are clumsy. (Dex -2)
Your body sometimes deteriorates upon taking damage.
You are strong-willed. (Will+)
Your movements are slightly less encumbered by armour. (ER -2)


Message History

You fly upwards.
A shadow demon comes into view.
There is a stone staircase leading down here.
You spin and attack the shadow demon.
You closely miss the shadow demon. You block the shadow demon's attack.
You spin and attack the shadow demon repeatedly.
You scratch the shadow demon.
The shadow demon is lightly wounded.
You completely miss the shadow demon.
The shadow demon is lightly wounded.
The shadow demon gestures.
An Ice Fiend comes into view.
You mangle the shadow demon!!
The shadow demon is heavily wounded.
You spin and attack the shadow demon repeatedly.
You eviscerate the shadow demon!!!
You kill the shadow demon!
The Council accepts your kill.
The hobgoblin dissolves into shadows! x2
You eviscerate the Ice Fiend!!!
The Ice Fiend is heavily wounded.
You spin and attack the Ice Fiend repeatedly.
You eviscerate the Ice Fiend!!!
The Ice Fiend is almost dead.
You eviscerate the Ice Fiend!!!
You kill the Ice Fiend!
The Council accepts your kill.
(D) Dungeon (T) Temple (L) Lair (A) Shoals (N) Spider Nest (O) Orcish Mines (E) Elven Halls (V) Vaults (C) Crypt (W) Tomb (U) Depths (H) Hell (Z) Zot
Where to? (Enter - D:1 @ (x,y), ? - help) HP restored.
There is a stone staircase leading up here.
You fly upwards.
There is a stone staircase leading down here.
There is an open door here.
There is a dry fountain here.
There is a staircase leading out of the dungeon here.
You have escaped!

.####......................####..
.##...##.####.####.####.#....##.#
.#..###...##...##...##...###..#..
.#.## #.⌠.##.⌠.##.⌠.##.⌠.# ##.#.#
.#.####...##...##...##...####.#.#
.#...###.####.####.####.###...#.#
.#.⌠.###.####.####.####.###.⌠.#.#
.#............................#.#
.##.##..........@........[##.##.#
.#............................#.#
.#.⌠.###.####.####.####.###.⌠.#..
.#...###.####.####.####.###...###
.#.####...##...##...##...####.#
.#.## #.⌠.##.⌠.##.⌠.##.⌠.# ##.#
.#..###...##...##...##...###..#
.##...##.####.####.####.##...##
#####......................###


There were no monsters in sight!

Vanquished Creatures
  A seraph (Zot:3)
  5 dread liches
  Khufu (Crypt:2)
  3 ancient liches
  Mara (Vaults:2)
  4 orbs of fire (Zot:5)
  A royal mummy (Crypt:2)
  2 juggernauts (Depths:4)
  Vv (Depths:2)
  Bai Suzhen (Depths:1)
  3 Killer Klowns (Zot:5)
  Saint Roka (Vaults:2)
  4 curse toes
  Jory (Depths:4)
  Nikola (Spider:4)
  8 golden dragons
  2 bone dragons (Crypt:3)
  A Tzitzimitl (D:14)
  An electric golem (Zot:5)
  A Brimstone Fiend (D:8)
  The ghost of NoAnimeNoLife the Spry, an adept KoBr of Uskayaw (Vaults:2)
  An Ice Fiend (D:2)
  6 tentacled monstrosities
  Jorgrun (Orc:2)
  6 liches
  A Hell Sentinel (D:14)
  2 deep elf blademasters (Elf:3)
  Asterion (Depths:2)
  26 Orb Guardians
  2 titans (Vaults:5)
  4 quicksilver dragons
  3 sphinxes
  Polyphemus (Shoals:3)
  3 deep elf master archers (Elf:3)
  A death cob (Zot:4)
  7 ancient champions
  6 tengu reavers
  14 storm dragons
  4 shadow dragons
  3 draconian knights
  7 draconian monks
  Ilsuiw (Shoals:2)
  23 vault wardens
  10 fire giants
  9 emperor scorpions
  9 deep elf sorcerers
  9 frost giants
  7 draconian scorchers
  Aizul (Shoals:2)
  7 ghost moths
  A ghost moth (shapeshifter) (Vaults:5)
  4 orc warlords
  5 ghouls (Crypt:3)
  6 draconian shifters
  4 draconian annihilators
  4 deep elf elementalists (Elf:3)
  A draconian stormcaller (Zot:4)
  A juggernaut zombie (Crypt:2)
  10 ironbound thunderhulks
  20 very ugly things
  11 stone giants
  3 war gargoyles
  3 broodmothers
  23 ironbound preservers
  A demonspawn corrupter (D:7)
  4 deep elf demonologists
  5 green draconians
  A demonspawn black sun (D:7)
  11 black draconians
  7 vampire knights
  5 purple draconians
  Azrael (D:13)
  10 deep elf annihilators
  3 yellow draconians
  6 spark wasps
  3 eidola
  11 red draconians
  16 dire elephants
  2 white draconians
  9 deep elf death magi
  14 ettins
  A blizzard demon (D:8)
  5 fire dragons
  6 merfolk javelineers (Shoals:4)
  Josephine (Lair:4)
  7 entropy weavers
  11 merfolk impalers
  A crystal guardian (Vaults:4)
  A quicksilver dragon zombie (Crypt:2)
  A rakshasa (Depths:2)
  19 yaktaur captains
  2 great orbs of eyes
  10 jiangshi
  5 deep elf high priests
  7 hydras
  5 ogre magi
  A jorogumo (shapeshifter) (Vaults:5)
  38 vault guards
  2 spectral tengu (Vaults:2)
  A peacekeeper (Vaults:4)
  3 catoblepae
  15 centaur warriors
  A jorogumo (Spider:1)
  8 ice dragons
  4 spriggan air magi
  A fenstrider witch skeleton (Crypt:3)
  2 merfolk avatars (Shoals:3)
  2 death knights
  15 boulder beetles
  12 ironbound frosthearts
  A radroach (Spider:3)
  6 merfolk aquamancers (Shoals:4)
  18 two-headed ogres
  A spectral stone giant (Vaults:2)
  A two-headed ogre (shapeshifter) (Depths:1)
  10 vampire magi
  A satyr (Shoals:4)
  9 death yaks
  7 deep troll shamans
  An alligator snapping turtle (Shoals:1)
  An orc high priest (D:15)
  A death scarab (Spider:1)
  3 tengu warriors
  12 deep troll earth magi
  10 dancing weapons
  5 spriggan berserkers
  A shock serpent (shapeshifter) (Vaults:5)
  Urug (D:10)
  2 soul eaters (Crypt:1)
  3 deep elf knights
  Sonja (D:13)
  2 hell knights (Vaults:5)
  A spectral yaktaur (Vaults:2)
  A spectral storm dragon (Vaults:2)
  7 spriggans
  2 shadow wraiths
  9 pharaoh ants
  8 iron trolls
  2 sun moths
  19 skeletal warriors
  A storm dragon skeleton (Crypt:2)
  A shadow demon (D:2)
  A spectral iron dragon (Vaults:2)
  A deep troll (shapeshifter) (Vaults:5)
  10 steelbarb worms
  A bunyip skeleton (Crypt:3)
  12 sea snakes
  5 flayed ghosts
  88 deep trolls
  A goliath frog (Lair:5)
  A tengu zombie (D:15)
  14 orb spiders
  14 ironbound convokers
  16 lindwurms
  7 glowing orange brains
  A goliath frog zombie (Crypt:3)
  A golden dragon skeleton (Crypt:1)
  10 phantasmal warriors
  7 wizards
  11 deep elf archers
  22 harpies
  6 necromancers
  2 orange crystal statues
  16 deep elf pyromancers
  20 wolf spiders
  6 orc knights
  31 deep elf zephyrmancers
  37 ugly things
  11 fauns
  21 manticores
  5 orc sorcerers
  17 moths of wrath
  9 cyclopes
  3 stone giant skeletons
  A sphinx skeleton (Vaults:2)
  2 salamanders (Depths:2)
  An elf zombie (Vaults:2)
  A frost giant skeleton (Vaults:4)
  6 elephants
  A centaur zombie (Crypt:2)
  2 elephants (shapeshifter)
  2 guardian serpents (Depths:3)
  13 vault sentinels
  A gargoyle (D:13)
  11 merfolk sirens
  6 black mambas
  3 apocalypse crabs (Shoals:2)
  11 water nymphs
  5 torpor snails
  24 cane toads
  2 cane toads (shapeshifter)
  Maggie (D:7)
  A swamp worm zombie (Crypt:1)
  A storm dragon simulacrum (Vaults:2)
  14 komodo dragons
  A white draconian zombie (Crypt:3)
  10 demonic crawlers
  4 efreet
  A naga skeleton (Crypt:2)
  8 freezing wraiths
  2 rime drakes (Lair:1)
  32 yaktaurs
  An anaconda simulacrum (Crypt:2)
  An orb spider zombie (Crypt:2)
  4 guardian mummies (Crypt:3)
  2 kobold demonologists
  4 human skeletons
  A mana viper zombie (Crypt:2)
  A purple draconian skeleton (Crypt:3)
  A red draconian skeleton (Crypt:1)
  A white draconian skeleton (Crypt:2)
  8 wind drakes
  10 meliai
  A queen bee (Lair:4)
  5 trolls
  4 tyrant leeches (Lair:5)
  27 tarantellas
  2 polar bears
  42 merfolk
  Prince Ribbit (D:6)
  10 hornets
  20 dream sheep
  22 blink frogs
  A harpy skeleton (Crypt:3)
  A stone giant simulacrum (Vaults:4)
  A human simulacrum (Vaults:2)
  28 slime creatures
  An ettin skeleton (D:15)
  9 snapping turtles
  30 jumping spiders
  27 culicivoras
  4 spriggan skeletons
  19 water elementals
  An air elemental (Elf:1)
  2 wyverns (D:9)
  54 yaks
  2 shadows
  4 vampires
  3 basilisks
  6 fire elementals
  10 wraiths
  Grum (D:8)
  A chaos spawn (D:10)
  A human (shapeshifter) (D:15)
  A spectral human (Vaults:2)
  A steam dragon (D:7)
  69 redbacks
  20 vampire mosquitoes
  2 glowing shapeshifter zombies
  2 elf skeletons
  5 wargs
  3 acid dragons
  12 water moccasins
  An entropy weaver zombie (Crypt:2)
  2 glowing shapeshifter skeletons
  A floating eye (Depths:4)
  A hell hound (D:13)
  2 black bears
  19 orc warriors
  A black bear (shapeshifter) (D:14)
  2 ice beasts (D:8)
  25 ogres
  A boggart (shapeshifter) (Vaults:5)
  8 centaurs
  11 wolves
  An ettin simulacrum (Vaults:2)
  3 boggarts (Vaults:2)
  2 phantoms (D:5)
  A kobold brigand (D:10)
  16 bullfrogs
  4 necrophages (Crypt:3)
  5 scorpions
  8 wights
  A cyclops skeleton (Crypt:1)
  34 killer bees
  A troll zombie (Crypt:3)
  A warg skeleton (Crypt:3)
  A howler monkey (D:9)
  5 electric eels
  A wolf skeleton (Crypt:2)
  3 jellies
  10 orc priests
  A hound (D:5)
  A gnoll bouda (D:4)
  8 iguanas
  31 orc wizards
  An acid dragon zombie (Crypt:1)
  A sky beast zombie (Crypt:3)
  A tengu skeleton (Crypt:3)
  A hound skeleton (Crypt:2)
  2 mummies (Crypt:2)
  8 gnolls
  4 adders
  A worm (D:4)
  9 dart slugs
  109 orcs
  2 ball pythons (D:2)
  3 bats
  5 endoplasms
  2 giant cockroaches
  5 goblins
  9 hobgoblins
  2 jackals (D:2)
  3 quokkas
  A ball python skeleton (Crypt:2)
  4 frilled lizards
  9 kobolds
  A kobold zombie (Crypt:1)
  7 rats
  A rat skeleton (Crypt:1)
  A butterfly (Spider:1)
2226 creatures vanquished.

Vanquished Creatures (collateral kills)
  A redback (Spider:4)
1 creature vanquished.

Vanquished Creatures (others)
  A ghost moth (Spider:4)
  A draconian shifter (Zot:4)
  A deep elf annihilator (Elf:3)
  A shadow demon (D:7)
  A wolf spider (Spider:4)
  A torpor snail (Spider:4)
  A boggart (Vaults:2)
  An orc wizard (D:9)
  28 fungi
  179 plants
  5 withered plants (D:15)
220 creatures vanquished.

Grand Total: 2447 creatures vanquished

Notes
Turn   | Place    | Note
-------+----------+-------------------------------------------
     0 | D:1      | jt the Troll Fighter began the quest for the Orb.
     0 | D:1      | Reached XP level 1. HP: 22/22 MP: 0/0
   177 | D:1      | Reached XP level 2. HP: 29/29 MP: 1/1
   454 | D:1      | You fall into a shaft and drop 1 floor!
  1158 | D:2      | Reached XP level 3. HP: 36/36 MP: 2/2
  1344 | D:2      | Reached skill level 3 in Unarmed Combat
  1691 | D:3      | Found Voikie's Assorted Antiques.
  1720 | D:3      | Bought 2 scrolls labelled FAUBLY KAOJIN for 60 gold pieces
  1805 | D:3      | Reached XP level 4. HP: 44/44 MP: 3/3
  2387 | D:3      | Bought a scroll labelled LUWEAGYI ZIEN for 30 gold pieces
  2387 | D:3      | Bought a scroll labelled FAUBLY KAOJIN for 30 gold pieces
  2387 | D:3      | Bought a fuming green potion for 27 gold pieces
  2404 | D:4      | Noticed a scorpion
  2493 | D:4      | Reached XP level 5. HP: 53/53 MP: 4/4
  2531 | D:4      | Reached skill level 4 in Unarmed Combat
  2716 | D:4      | Reached XP level 6. HP: 60/61 MP: 5/5
  2893 | D:4      | Reached skill level 5 in Unarmed Combat
  3089 | D:4      | Reached skill level 1 in Throwing
  3299 | D:5      | Entered Level 5 of the Dungeon
  3320 | D:5      | Reached XP level 7. HP: 68/68 MP: 6/6
  3419 | D:5      | Found Xiphikan's Antique Weapon Shoppe.
  3522 | D:5      | Reached skill level 1 in Evocations
  3746 | D:5      | Found a sparkling altar of Nemelex Xobeh.
  3976 | D:5      | Noticed a yak
  3988 | D:5      | Reached skill level 6 in Unarmed Combat
  4033 | D:5      | Killed a yak
  4034 | D:5      | Reached XP level 8. HP: 62/79 MP: 7/7
  4346 | D:6      | Found Viamol's Distillery.
  4465 | D:6      | Identified the +1 pair of boots of Subjectivity {Harm rElec
                  | Will++ Slay-4}
  4472 | D:6      | Bought a potion of haste for 100 gold pieces
  4472 | D:6      | Bought a potion of attraction for 30 gold pieces
  4556 | D:6      | Reached skill level 7 in Unarmed Combat
  4569 | D:6      | Found Qaihuoha's Antique Armour Emporium.
  4642 | D:6      | Reached skill level 5 in Shields
  4907 | D:6      | Reached skill level 5 in Fighting
  5028 | D:6      | Found a hazy altar of Hepliaklqana.
  5051 | D:6      | Reached skill level 8 in Unarmed Combat
  5230 | D:6      | Noticed Prince Ribbit
  5234 | D:6      | Killed Prince Ribbit
  5235 | D:6      | Reached XP level 9. HP: 67/88 MP: 8/8
  5491 | D:6      | Bought a glowing robe for 85 gold pieces
  5734 | D:7      | Found a radiant altar of Vehumet.
  5779 | D:7      | Found a snail-covered altar of Cheibriados.
  5782 | D:7      | Noticed Maggie
  5805 | D:7      | Killed Maggie
  5864 | D:7      | Found a staircase to the Ecumenical Temple.
  5873 | Temple   | Entered the Ecumenical Temple
  5929 | Temple   | Became a worshipper of the Wu Jian Council
  5960 | D:7      | Reached skill level 9 in Unarmed Combat
  6026 | D:7      | Reached skill level 1 in Armour
  6709 | D:8      | Reached skill level 11 in Unarmed Combat
  6709 | D:8      | Reached XP level 10. HP: 100/100 MP: 9/9
  7035 | D:8      | Reached * piety under Wu Jian
  7093 | D:8      | Noticed a two-headed ogre
  7100 | D:8      | Killed a two-headed ogre
  7113 | D:8      | Noticed Grum
  7127 | D:8      | Reached XP level 11. HP: 92/109 MP: 10/10
  7130 | D:8      | Killed Grum
  7230 | D:8      | Noticed a two-headed ogre
  7517 | D:6      | Bought an embroidered cloak for 172 gold pieces
  7683 | D:9      | Found a shimmering altar of Xom.
  7715 | D:9      | Found a staircase to the Orcish Mines.
  7733 | D:9      | Identified a scroll of acquirement
  7734 | D:9      | Acquired the ring of Kewnez {+Blink Fly rC+ rCorr}
  7850 | D:9      | Found a sacrificial altar of Ru.
  7987 | D:9      | Found a shadowy altar of Dithmenos.
  8063 | D:9      | Found a stormy altar of Qazlal.
  8672 | D:10     | Entered Level 10 of the Dungeon
  8709 | D:10     | Noticed a two-headed ogre
  8722 | D:10     | Killed a two-headed ogre
  8723 | D:10     | Reached skill level 12 in Unarmed Combat
  8836 | D:10     | Reached ** piety under Wu Jian
  8905 | D:10     | Noticed Urug
  8953 | D:10     | Killed Urug
  9197 | D:10     | Found a staircase to the Lair.
  9586 | Lair:1   | Entered Level 1 of the Lair of Beasts
  9951 | Lair:1   | Noticed a catoblepas
  9972 | Lair:1   | Killed a catoblepas
 10301 | Lair:1   | Reached skill level 13 in Unarmed Combat
 10539 | Lair:2   | Reached XP level 12. HP: 106/120 MP: 11/11
 10778 | Lair:2   | Found a hole to the Spider Nest.
 11082 | Lair:2   | Found a shimmering altar of Xom.
 11300 | Lair:2   | Reached *** piety under Wu Jian
 11302 | Lair:2   | Reached skill level 14 in Unarmed Combat
 11854 | Lair:3   | Reached skill level 10 in Shields
 12120 | Lair:3   | Noticed a four-headed hydra
 12127 | Lair:3   | Killed a six-headed hydra
 12357 | Lair:3   | Reached XP level 13. HP: 108/131 MP: 12/12
 12452 | Lair:3   | Found a staircase to the Shoals.
 12563 | Lair:4   | Reached skill level 15 in Unarmed Combat
 12707 | Lair:4   | Reached **** piety under Wu Jian
 12910 | Lair:4   | Noticed Josephine
 12937 | Lair:4   | Killed Josephine
 13102 | Lair:4   | Found a viscous altar of Jiyva.
 13179 | Lair:4   | Reached skill level 10 in Fighting
 13213 | Lair:4   | Reached skill level 16 in Unarmed Combat
 13216 | Lair:4   | Reached ***** piety under Wu Jian
 13436 | Lair:4   | You are sucked into a shaft and drop 1 floor!
 13436 | Lair:5   | Entered Level 5 of the Lair of Beasts
 13950 | Orc:1    | Entered Level 1 of the Orcish Mines
 14384 | Orc:2    | Entered Level 2 of the Orcish Mines
 14415 | Orc:2    | Found a staircase to the Elven Halls.
 14538 | Orc:2    | Found a shimmering blue altar of Sif Muna.
 14610 | Orc:2    | Reached XP level 14. HP: 144/144 MP: 13/13
 14702 | Orc:2    | Noticed Jorgrun
 15061 | Lair:4   | Reached skill level 17 in Unarmed Combat
 15871 | Lair:5   | Reached ****** piety under Wu Jian
 16123 | Lair:5   | Identified the +1 eveningstar "Mukam" {holy, Drain rPois
                  | rC- Str+9}
 16131 | Lair:5   | Identified the +2 pair of boots of Ethics {rC+ Int+4
                  | Slay+3}
 16616 | D:11     | Found an iron altar of Okawaru.
 17154 | D:12     | Reached skill level 18 in Unarmed Combat
 17457 | D:12     | Learned a level 2 spell: Wereblood
 17485 | D:12     | Found Zaiz's Jewellery Shop.
 18068 | D:13     | Noticed Azrael
 18083 | D:13     | Killed Azrael
 18084 | D:13     | Reached XP level 15. HP: 106/154 MP: 14/14
 18233 | D:13     | Found a gate to the Vaults.
 18242 | D:13     | Noticed Sonja
 18245 | D:13     | Killed Sonja
 18619 | D:13     | Found a sparkling altar of Nemelex Xobeh.
 18620 | D:13     | Found a shimmering altar of Xom.
 18620 | D:13     | Found an iron altar of Okawaru.
 18620 | D:13     | Found an ornate altar of the Wu Jian Council.
 18734 | D:13     | Found a basalt altar of Yredelemnul.
 18785 | D:13     | Found a white marble altar of Elyvilon.
 18785 | D:13     | Found an ornate altar of the Wu Jian Council.
 18789 | D:13     | Found a shimmering altar of Xom.
 18789 | D:13     | Found a bloodstained altar of Trog.
 18789 | D:13     | Found a shimmering altar of Xom.
 19164 | D:12     | Bought the amulet of Hioteymo {rElec rPois Regen+ SInv} for
                  | 786 gold pieces
 19341 | Shoals:1 | Entered Level 1 of the Shoals
 19381 | Spider:1 | Entered Level 1 of the Spider Nest
 19854 | D:14     | Reached skill level 19 in Unarmed Combat
 20404 | D:15     | Entered Level 15 of the Dungeon
 20651 | D:15     | Found a staircase to the Depths.
 20983 | D:15     | Found a runed translucent door.
 20993 | D:15     | Found a hide-covered altar of Uskayaw.
 21185 | Orc:2    | Killed Jorgrun
 21365 | Orc:2    | Found Wavvo's Weapon Shoppe.
 21365 | Orc:2    | Found Kydd's Jewellery Boutique.
 21367 | Orc:2    | Found Yrauw's Jewellery Boutique.
 21367 | Orc:2    | Found Wohug's Weapon Emporium.
 21641 | Orc:2    | Found Nuuss's Antique Armour Emporium.
 21884 | Elf:1    | Entered Level 1 of the Elven Halls
 22018 | Shoals:1 | Reached XP level 16. HP: 58/167 MP: 15/15
 22126 | Shoals:1 | Reached skill level 20 in Unarmed Combat
 24199 | Shoals:1 | Reached skill level 21 in Unarmed Combat
 24350 | Shoals:2 | Noticed Aizul
 24627 | Shoals:3 | Noticed Polyphemus
 24756 | Shoals:4 | Entered Level 4 of the Shoals
 24859 | Shoals:3 | Killed Polyphemus
 24965 | Shoals:3 | Reached skill level 1 in Transmutations
 24965 | Shoals:3 | Reached XP level 17. HP: 174/178 MP: 17/17
 25045 | Shoals:4 | Reached skill level 1 in Spellcasting
 25159 | Shoals:4 | Found a flickering gateway to a bazaar.
 25231 | Bazaar   | Entered a bazaar
 25244 | Bazaar   | Found Mymiaxot's Distillery.
 25252 | Bazaar   | Bought a potion of curing for 33 gold pieces
 25252 | Bazaar   | Bought a potion of curing for 33 gold pieces
 25252 | Bazaar   | Bought 2 potions of curing for 66 gold pieces
 25267 | Bazaar   | Found Ypoysa's Distillery.
 25275 | Bazaar   | Bought 2 potions of curing for 48 gold pieces
 25275 | Bazaar   | Bought a potion of berserk rage for 40 gold pieces
 25275 | Bazaar   | Bought a potion of curing for 24 gold pieces
 25288 | Bazaar   | Found Dutudaf's Magic Scroll Shop.
 25318 | Bazaar   | Found Gisagyel's Magic Scroll Shop.
 25323 | Bazaar   | Bought a scroll of teleportation for 27 gold pieces
 25323 | Bazaar   | Bought a scroll of fear for 36 gold pieces
 25323 | Bazaar   | Bought a scroll of poison for 36 gold pieces
 25323 | Bazaar   | Bought a scroll of teleportation for 27 gold pieces
 25323 | Bazaar   | Bought a scroll of vulnerability for 36 gold pieces
 25338 | Bazaar   | Bought a potion of invisibility for 88 gold pieces
 25338 | Bazaar   | Bought 2 potions of mutation for 176 gold pieces
 25338 | Bazaar   | Bought a potion of mutation for 88 gold pieces
 25362 | Bazaar   | Bought a scroll of teleportation for 39 gold pieces
 25362 | Bazaar   | Bought a scroll of fear for 52 gold pieces
 25362 | Bazaar   | Bought a scroll of teleportation for 39 gold pieces
 25386 | Bazaar   | Bought 2 potions of resistance for 220 gold pieces
 25566 | Shoals:4 | Reached skill level 22 in Unarmed Combat
 26033 | Shoals:4 | Got a barnacled rune of Zot
 26581 | Shoals:2 | Noticed Ilsuiw
 26594 | Shoals:2 | Killed Ilsuiw
 26610 | Shoals:2 | Found a transporter.
 26611 | Shoals:2 | Found the ring of the Mage {Wiz Archmagi}
 26613 | Shoals:2 | Found a transporter.
 26651 | Shoals:2 | Identified the +1 cloak of Dawn {Fly rC+ Str+3 Int-2}
 26659 | Shoals:2 | Identified the ring of Faomaamann {Fly rElec rF+++ Dex+8
                  | Stlth-}
 26962 | Shoals:2 | Found a runed translucent door.
 26989 | Shoals:2 | Found a corrupted altar of Lugonu.
 26989 | Shoals:2 | Found a one-way gate to the infinite horrors of the Abyss.
 29227 | Spider:3 | Reached XP level 18. HP: 133/191 MP: 18/18
 29569 | Spider:3 | Reached skill level 23 in Unarmed Combat
 30058 | Spider:4 | Entered Level 4 of the Spider Nest
 30466 | Spider:4 | Reached skill level 15 in Shields
 31223 | Spider:4 | Got a gossamer rune of Zot
 31293 | Spider:4 | Noticed Nikola
 31312 | Spider:4 | Killed Nikola
 31683 | D:10     | Reached skill level 15 in Fighting
 31726 | Elf:1    | Paralysed by an orc sorcerer for 2 turns
 31898 | Elf:1    | Got the Parchment of Allies
 31998 | Elf:1    | Reached XP level 19. HP: 199/201 MP: 19/19
 32204 | Elf:1    | Paralysed by an air elemental for 1 turns
 32340 | Elf:1    | Found an ancient bone altar of Kikubaaqudgha.
 32344 | Elf:1    | Found Yweacat's Book Emporium.
 32346 | Elf:1    | Found Ekkiabbo's Jewellery Boutique.
 32347 | Elf:1    | Found Heixod's Book Emporium.
 32532 | Elf:2    | Found Veank's Antique Armour Boutique.
 32848 | Elf:2    | Reached skill level 24 in Unarmed Combat
 32935 | Elf:2    | Found a huge runed translucent gate.
 32935 | Elf:2    | Found a huge runed translucent gate.
 32935 | Elf:2    | Found a huge runed translucent gate.
 32935 | Elf:2    | Found a huge runed translucent gate.
 32935 | Elf:2    | Found a huge runed translucent gate.
 33126 | Elf:3    | Entered Level 3 of the Elven Halls
 33276 | Elf:3    | Found Wyukk's Magic Scroll Emporium.
 33312 | Elf:3    | Reached skill level 5 in Transmutations
 33444 | Elf:3    | Found Doonoy's Book Boutique.
 33771 | Elf:3    | Found Punadghest's Antique Weapon Emporium.
 34393 | Elf:3    | Identified the ring of Giqaff Finu {rC+ Will+ Str+9 Stlth+}
 34681 | Elf:3    | Identified the +8 rapier of Plunder {vorpal, rPois Will+}
 34681 | Elf:3    | Identified the ring "Got Zyafi" {Int+6 Dex+3}
 34686 | Elf:3    | Identified the +5 falchion "Ylote" {spect, *Rage rElec
                  | Str+9 Dex-4}
 34693 | Elf:3    | Identified the amulet "Voxarohine" {Acrobat rN+ Regen+}
 34988 | Elf:3    | Identified the +3 trident of Cuabod {flame, Int+3}
 35039 | Elf:3    | Identified the +2 ice dragon scales of the Hidden Yaks {rF-
                  | rC++ rN++}
 35557 | Shoals:2 | Killed Aizul
 35898 | Vaults:1 | Entered Level 1 of the Vaults
 35998 | Vaults:1 | Reached skill level 25 in Unarmed Combat
 36131 | Vaults:1 | Reached XP level 20. HP: 190/213 MP: 20/20
 36582 | Vaults:1 | Found Numum's General Store.
 37224 | Vaults:2 | Noticed Saint Roka
 37249 | Vaults:2 | Killed Saint Roka
 37267 | Vaults:2 | Reached skill level 5 in Armour
 38027 | Vaults:2 | Found a runed translucent gate.
 38027 | Vaults:2 | Found a runed translucent gate.
 38027 | Vaults:2 | Found a runed translucent gate.
 38028 | Vaults:2 | Noticed NoAnimeNoLife's ghost (adept KoBr)
 38040 | Vaults:2 | Killed NoAnimeNoLife's ghost
 38107 | Vaults:2 | Noticed Mara
 38110 | Vaults:2 | Noticed jt's illusion
 38115 | Vaults:2 | Killed Mara
 38561 | Vaults:3 | Reached skill level 26 in Unarmed Combat
 38731 | Vaults:3 | Reached XP level 21. HP: 208/223 MP: 21/21
 38983 | Vaults:3 | Found Oczoir's Antique Weapon Shoppe.
 39162 | Vaults:3 | Identified the +1 war axe of the Many Beasts {vorpal, *Slow
                  | Will- Str+5}
 39258 | Vaults:3 | Found Fejo's Assorted Antiques.
 39408 | Vaults:3 | Found a staircase to the Crypt.
 39408 | Vaults:3 | Found an ancient bone altar of Kikubaaqudgha.
 39409 | Vaults:3 | Found a basalt altar of Yredelemnul.
 39453 | Vaults:3 | Found Lifaorev's Weapon Boutique.
 39718 | Vaults:3 | Found Muegaali's Antique Armour Emporium.
 39726 | Vaults:3 | Bought a runed cloak for 307 gold pieces
 40040 | Crypt:1  | Entered Level 1 of the Crypt
 41102 | Crypt:1  | Acquired the +3 kite shield of the Slightly Bent {Will+
                  | Str+2}
 41190 | Crypt:2  | Noticed a royal mummy
 41191 | Crypt:2  | Noticed Khufu
 41201 | Crypt:2  | Killed a royal mummy
 41207 | Crypt:2  | Killed Khufu
 42007 | Crypt:3  | Entered Level 3 of the Crypt
 42148 | Crypt:3  | Identified the +1 robe "Sutek" {+Inv Str+5 Dex+2}
 42158 | Crypt:3  | Identified the +1 scale mail of the Sea {rN+ Str+6}
 42453 | Crypt:3  | Reached skill level 27 in Unarmed Combat
 42504 | Crypt:3  | Reached XP level 22. HP: 202/236 MP: 20/22
 42704 | Crypt:3  | Found a staircase to the Tomb.
 42864 | Crypt:3  | Noticed an ancient lich
 42875 | Crypt:3  | Noticed a dread lich
 42876 | Crypt:3  | Killed an ancient lich
 43220 | Crypt:3  | Killed a dread lich
 43241 | Crypt:3  | Identified the +6 mace of Temperance {drain, Int+5 SInv}
 43242 | Crypt:3  | Identified the amulet of Qicefas {Faith Fragile Str+2
                  | Dex+4}
 43247 | Crypt:3  | Identified the ring "Duamn" {rC+ rCorr Str+6 Int-5}
 43261 | Crypt:3  | Identified the amulet of Wisdom {Acrobat rElec rCorr}
 43690 | Vaults:4 | Found Xiakly's Distillery.
 43696 | Vaults:4 | Bought a potion of curing for 54 gold pieces
 43696 | Vaults:4 | Bought a potion of mutation for 144 gold pieces
 43696 | Vaults:4 | Bought a potion of mutation for 144 gold pieces
 43696 | Vaults:4 | Bought a potion of mutation for 144 gold pieces
 43696 | Vaults:4 | Bought 2 potions of haste for 360 gold pieces
 43753 | Vaults:4 | Identified the +1 ring mail "Enyr Oha" {Int-4 Dex+6}
 45638 | Depths:1 | Entered Level 1 of the Depths
 45815 | Depths:1 | Found a gateway to Hell.
 46113 | Depths:1 | Found a broken altar of Ashenzari.
 46157 | Depths:1 | Reached skill level 10 in Armour
 46382 | Depths:2 | Found a one-way gate leading to the halls of Pandemonium.
 46397 | Depths:2 | Noticed Bai Suzhen
 46404 | Depths:1 | Reached XP level 23. HP: 247/247 MP: 23/23
 46410 | Depths:2 | Noticed Vv
 46482 | Depths:1 | Killed Bai Suzhen
 46504 | Depths:2 | Killed Vv
 46535 | Depths:2 | Found a one-way gateway to a ziggurat.
 46877 | Depths:2 | Identified the +1 kite shield of the Carved Wild Haggis
                  | {+Blink}
 46877 | Depths:2 | Noticed Asterion
 46888 | Depths:2 | Killed Asterion
 47135 | Depths:3 | Found Gozag's Antique Armour Shop.
 47146 | Depths:3 | Found Gozag's Antique Weapon Shop.
 47161 | Depths:3 | Found an opulent altar of Gozag.
 47161 | Depths:3 | Found Gozag's Antique Armour Boutique.
 47606 | Depths:3 | Identified the +7 short sword of Irritation {protect, rElec
                  | Will++ Dex-3}
 47698 | Depths:3 | Identified the +5 short sword of the Penguin {vorpal, MP+9}
 48264 | Depths:4 | Entered Level 4 of the Depths
 48535 | Depths:4 | Found a gate to the Realm of Zot.
 48927 | Depths:4 | Noticed a juggernaut
 48930 | Depths:4 | Killed a juggernaut
 48962 | Depths:4 | Noticed a juggernaut
 48964 | Depths:4 | Killed a juggernaut
 49178 | Depths:4 | Noticed Jory
 49194 | Depths:4 | Found Uqeroaq's General Store.
 49197 | Depths:4 | Reached XP level 24. HP: 261/261 MP: 23/23
 49199 | Depths:4 | Bought a potion of curing for 48 gold pieces
 49199 | Depths:4 | Bought a potion of curing for 48 gold pieces
 49284 | Depths:4 | Killed Jory
 49576 | Depths:4 | Found a glowing silver altar of Zin.
 49953 | Vaults:5 | Entered Level 5 of the Vaults
 50147 | Vaults:5 | Noticed an ancient lich
 50153 | Vaults:5 | Killed an ancient lich
 50157 | Vaults:5 | Noticed a dread lich
 50164 | Vaults:5 | Killed a dread lich
 50212 | Vaults:5 | Identified the ring of Liajeig {rF++ rN+ Dex+4}
 50487 | Vaults:5 | Identified the +1 trident of Fatigue {spect, Fly rCorr
                  | Str-4 Int+2}
 50489 | Vaults:5 | Got a silver rune of Zot
 50718 | Vaults:5 | Found Timmogg's Magic Scroll Shoppe.
 50722 | Vaults:5 | Bought a scroll of magic mapping for 157 gold pieces
 51002 | Vaults:5 | Identified the +3 robe "Vasm" {rElec}
 51662 | Zot:1    | Entered Level 1 of the Realm of Zot
 52441 | Zot:2    | Reached XP level 25. HP: 273/273 MP: 23/23
 52748 | Zot:4    | Reached skill level 1 in Stealth
 53069 | Zot:5    | Entered Level 5 of the Realm of Zot
 54318 | Zot:5    | Noticed a dread lich
 54330 | Zot:5    | Killed a dread lich
 54593 | Zot:5    | Learned a level 2 spell: Blink
 54671 | Zot:5    | Noticed a dread lich
 54672 | Zot:5    | Noticed a Killer Klown
 54729 | Zot:5    | Noticed an orb of fire
 54850 | Zot:5    | Gained mutation: You are clumsy. (Dex -2) [an orb of fire]
 54854 | Zot:5    | Gained mutation: Your movements are slightly less
                  | encumbered by armour. (ER -2) [an orb of fire]
 54854 | Zot:5    | Gained mutation: You are strong-willed. (Will+) [an orb of
                  | fire]
 54856 | Zot:5    | Killed an orb of fire
 54895 | Zot:5    | Noticed an orb of fire
 54910 | Zot:5    | Killed an orb of fire
 54911 | Zot:5    | Reached skill level 1 in Translocations
 54913 | Zot:5    | Killed a Killer Klown
 54925 | Zot:5    | Noticed an orb of fire
 54927 | Zot:5    | Gained mutation: Your body sometimes deteriorates upon
                  | taking damage. [an orb of fire]
 54935 | Zot:5    | Killed an orb of fire
 55042 | Zot:5    | Noticed an orb of fire
 55047 | Zot:5    | Killed an orb of fire
 55054 | Zot:5    | Noticed a Killer Klown
 55055 | Zot:5    | Noticed a Killer Klown
 55067 | Zot:5    | Noticed a dread lich
 55072 | Zot:5    | Killed a Killer Klown
 55080 | Zot:5    | Killed a dread lich
 55081 | Zot:5    | Reached XP level 26. HP: 151/286 MP: 23/23
 55120 | Zot:5    | Noticed an ancient lich
 55124 | Zot:5    | Killed a dread lich
 55129 | Zot:5    | Killed an ancient lich
 55161 | Zot:5    | Identified the +1 chain mail "Heqod" {MP-9 Slay+5}
 55192 | Zot:5    | Got the Orb of Zot
 55197 | Zot:5    | Noticed a seraph
 55251 | Zot:3    | Noticed a seraph
 55281 | Zot:3    | Killed a seraph
 55506 | D:14     | Reached skill level 15 in Armour
 55802 | D:$      | Escaped with the Orb!

Illustrated notes

Levels and vault maps discovered:
D:1:      dpeg_arrival_chambers_temple_mockup, layout_basic
D:2:      layout_basic
D:3:      layout_basic, serial_shops, nicolae_shop_overgrown_old_shop,
          kennysheep_nub, grunt_ministairs_15, hangedman_glass_teeth
D:4:      layout_loops_ring, chequers_serial_rivers_marsh
D:5:      minmay_chambers_of_fours, layout_loops_ring,
          nemelex_spade_bored_becter, serial_shops, shop, corexii_corridor_pit,
          roderic_roman_lattice
D:6:      layout_loops_corners, mainiacjoe_overflow_surrounded_room,
          serial_shops, nicolae_inconvenience_store, nicolae_shop_stone,
          nicolae_underground_beach, uniq_prince_ribbit1
D:7:      layout_basic, mainiacjoe_overflow_24_doors, lemuel_tele_altar,
          minmay_temple_entry_statues_fountains, uniq_maggie
D:8:      layout_basic, nicolae_water_bricks, corexii_mini_fake_secret_closet,
          uniq_grum
D:9:      layout_stronghold, nicolae_dithmenos_the_darkroom,
          mainiacjoe_overflow_alcove_4, mainiacjoe_overflow_catch_the_wave,
          david_orc_2, kennysheep_generic_room_12
D:10:     layout_long_grid, lair_entry_dummy, uniq_urug
D:11:     layout_small_grid, okawaru_altar_gauntlet_db
D:12:     layout_basic, serial_shops, nicolae_take_the_stairs
D:13:     minmay_the_grid_octo_2x2 [minmay_the_grid_octo_chip,
          minmay_the_grid_octo_shrine, minmay_the_grid_octo_concentric,
          minmay_the_grid_octo_prize_single_spiral], layout_rooms,
          doesnt_xom_only_xom, uniq_azrael, uniq_sonja
D:14:     minmay_isolated_rectangles_in_corner, layout_basic, abandoned_shop
D:15:     gammafunk_depths_entry_grave, layout_loops_corners,
          nicolae_uskayaw_dance_hall, lightli_church_of_beogh
Temple:   compressed_dpeg_circular_temple
Lair:1:   layout_cave_pods, lemuel_fruit_tree, serial_bayou_shore_b
Lair:2:   layout_chaotic_city, spider_nest_entry_a, lemuel_centaur_altar
Lair:3:   layout_regular_city, minmay_shoals_entry_beasts,
          infiniplex_staircase_pool, grunt_megastairs_5
Lair:4:   layout_roguey [special_room_bee], minmay_slime_entry_oklob_enclosed,
          grunt_megastairs_2, uniq_josephine
Lair:5:   minmay_lair_end_frog_pond, layout_misc_corridors
Shoals:1: layout_shoals, yaktaur_hedge
Shoals:2: gammafunk_sealed_arena, layout_shoals,
          nicolae_shoals_abyss_on_the_beach, uniq_aizul, uniq_ilsuiw
Shoals:3: layout_shoals, uniq_polyphemus
Shoals:4: shoals_end_grunt_ice, layout_shoals, shoal_ilsuiw, serial_shops,
          bzr_entry_islet
Spider:1: nicolae_spider_hall_of_the_moth_king
Spider:2: layout_spider_delve, hangedman_spider_tarantella_strand
Spider:3: layout_spider_delve, hangedman_stitches_earthworm
Spider:4: grunt_spider_rune_circles, drop_trap, uniq_nikola
Orc:1:    layout_caves, nicolae_orc_damp_corner
Orc:2:    st_orc_ogre_mass, layout_diamond_mine, serial_shops, shop,
          led_sif_book, uniq_jorgrun
Elf:1:    nicolae_elf_arrival_no_cutting_in_line, layout_onion_city,
          basic_altar, minmay_elf_demonology, nicolae_elf_w_pinch,
          minmay_shop_grove
Elf:2:    elven_hall_of_blades_hangedman_alternative
          [infiniplex_blade_entry_pillars], layout_gridlike, serial_shops,
          nicolae_shop_behind_doors
Elf:3:    minmay_elf_hall_hex, layout_loops_corners, serial_shops,
          nicolae_shop_behind_doors, nicolae_shop_window_shopping,
          nicolae_shop_hallway_stairs, nicolae_elf_stair_hall
Vaults:1: vaults_room_stairs_pillars, nicolae_vaults_back_hallway,
          nicolae_vaults_halls_meeting, nicolae_vaults_network_quincunx
          [nicolae_vaults_network_quincunx_subvault,
          nicolae_vaults_network_quincunx_subvault,
          nicolae_vaults_network_quincunx_subvault,
          nicolae_vaults_network_quincunx_subvault,
          nicolae_vaults_network_quincunx_subvault], grunt_vaults_diagonal,
          v_misc_18, nicolae_vaults_network_periphery,
          hangedman_vaults_capsules, vaults_dpeg_spiral,
          nicolae_vaults_windows_and_doors_thing, v_alt_pattern_6,
          vaults_room_pool, nicolae_vaults_asterisk, vaults_dpeg_emergency_exit,
          layout_vaults_omnibox, serial_shops, nicolae_shop_trees
Vaults:2: gammafunk_ghost_necromancy, nicolae_vaults_little_squares_5,
          v_alt_pattern_2, v_misc_5, vaults_room_stairs_pillars,
          nicolae_vaults_theta, layout_vaults_omnigrid, uniq_saint_roka,
          uniq_mara
Vaults:3: nicolae_vaults_network_s, v_misc_19, minmay_crypt_entry_necro_gods,
          v_alt_pattern_4, nicolae_vaults_network_quinsquares
          [nicolae_vaults_network_quincunx_subvault,
          nicolae_vaults_network_quincunx_subvault,
          nicolae_vaults_network_quincunx_subvault,
          nicolae_vaults_network_quincunx_subvault], v_misc_12,
          vaults_mumra_chevron, vaults_dpeg_hooks, vaults_room_pool,
          ontoclasm_vaults_pinch, layout_vaults_chaotic_city, serial_shops,
          shop, nicolae_shop_advertising_works [nicolae_subvault_shop_adworks],
          nicolae_shop_statue_plus, nicolae_shop_bloodbath_and_beyond
Vaults:4: v_misc_27, nicolae_vaults_disjoint_gnomons,
          ontoclasm_vaults_decontamination, v_alt_pattern_2, v_misc_30,
          grunt_vaults_trifunnel, ontoclasm_vaults_ligature, v_alt_pattern_3,
          v_misc_8, st_more_cells, vaults_room_door_ring,
          hangedman_vaults_stream, layout_vaults_big_cross, serial_shops, shop
Vaults:5
Crypt:1:  layout_catacombs, st_stairs_3, nicolae_crypt_ancient_font
Crypt:2:  layout_catacombs, uniq_khufu
Crypt:3:  david_glass_crypt, layout_basic, tomb_entry_simple_bobbens
Depths:1: layout_cave_pools, pf_coc_iceberg, minmay_misc_feat_plants,
          minivault_16, evilmike_ruin_ashenzari
Depths:2: kennysheep_big_flooded_room, layout_cave_pools, enter_ziggurat_a,
          hell_entry, pan_entry, infiniplex_staircase_zigzag_5,
          serial_bayou_shore_b, uniq_asterion, uniq_vv, uniq_bai_suzhen
Depths:3: kennysheep_gozag_temple, layout_honeycomb, abyss_entry_crystal,
          hell_entry, pan_entry, infiniplex_staircase_pool_2
Depths:4: grunt_zot_entry_tricorne, layout_gridlike, abyss_entry,
          minmay_misc_feat_more_columns, grunt_hell_entry_dis_mu, serial_shops,
          nicolae_shop_hallway_plus, hangedman_abyss_or_decor_stabs,
          zin_scriptorium, uniq_jory
Zot:1:    layout_basic, uniq_josephina
Zot:2:    layout_concentric_octagons, grunt_ministairs_14
Zot:3:    layout_gridlike
Zot:4:    layout_gridlike, grunt_megastairs_1
Zot:5:    layout_cellular_growth

Skill      XL: |  1  2  3  4  5  6  7  8  9 10 11 12 13 14 15 16 17 18 19 20 21 22 23 24 25 26 |
---------------+-------------------------------------------------------------------------------+-----
Shields        | 3 4 5 7 9 10 11 12 13 14 15 16 17 18 19 21 22 | 22.0
Unarmed Combat | 3 4 5 6 8 11 13 14 16 18 19 21 22 23 25 26 27 | 27.0
Fighting       | 3 4 5 6 7 8 9 10 11 12 13 14 15 16 17 18 19 20 | 20.9
Throwing       | 1 2 |  2.0
Evocations     | 1 2 |  2.0
Armour         | 3 6 7 10 11 13 14 15 | 15.0
Dodging        | 4 |  4.5
Transmutations | 1 3 4 5 6 8 |  8.0
Spellcasting   | 1 |  1.0
Stealth        | 4 |  4.9
Translocations | 2 3 |  3.9

Action                   |  1- 3 |  4- 6 |  7- 9 | 10-12 | 13-15 | 16-18 | 19-21 | 22-24 | 25-27 || total
-------------------------+-------+-------+-------+-------+-------+-------+-------+-------+-------++-------
Melee: Unarmed           |    89 |   129 |   206 |   581 |  1145 |  1593 |  1610 |  1574 |   619 ||  7546
       Trident           |       |       |    16 |       |       |       |       |       |       ||    16
       Spear             |       |       |       |     3 |    22 |       |       |       |       ||    25
       Whip              |       |       |       |       |    31 |       |       |       |       ||    31
       Staff             |       |       |       |       |       |       |     1 |       |       ||     1
       Demon trident     |       |       |       |       |       |       |       |    13 |       ||    13
Throw: Boomerang         |    16 |    46 |    45 |    16 |    46 |    10 |     1 |       |       ||   180
       Javelin           |     1 |       |       |       |     9 |     1 |     4 |     1 |     4 ||    20
       Dart              |       |     9 |    15 |    73 |   122 |   190 |    64 |    23 |       ||   496
       Large rock        |       |       |       |       |       |     2 |       |       |       ||     2
 Cast: Wereblood         |       |       |       |       |       |     7 |    31 |    29 |     8 ||    75
Invok: Lunge             |       |       |     3 |    48 |   128 |   180 |   162 |   152 |    75 ||   748
       Whirlwind         |       |       |       |    43 |   134 |   420 |   576 |   447 |   153 ||  1773
       Serpent's Lash    |       |       |       |     1 |     8 |     6 |     2 |     2 |     6 ||    25
       Heavenly Storm    |       |       |       |       |     1 |     3 |     2 |     1 |     1 ||     8
 Abil: Evoke Blink       |       |       |       |     3 |     9 |     1 |       |       |     2 ||    15
       Wall Jump         |       |       |       |     6 |     5 |     8 |     2 |     1 |     1 ||    23
Evoke: Wand              |       |       |       |    12 |    14 |     2 |       |     3 |     4 ||    35
       Lightning rod     |       |       |       |     3 |    14 |     4 |     7 |     4 |       ||    32
       Phantom mirror    |       |       |       |       |       |     1 |       |       |       ||     1
       Tin of tremorston |       |       |       |       |       |       |       |     3 |     1 ||     4
       Condenser vane    |       |       |       |       |       |       |       |       |     1 ||     1
  Use: Scroll            |       |    10 |     9 |     7 |     8 |    14 |     6 |     3 |     6 ||    63
       Potion            |       |       |     5 |     5 |     6 |    13 |     2 |     3 |     7 ||    41
 Stab: Sleeping          |     1 |       |       |       |       |       |       |       |       ||     1
       Paralysed         |       |       |       |     8 |     1 |       |       |       |       ||     9
       Invisible         |       |       |       |       |     1 |     1 |       |       |       ||     2
       Confused          |       |       |       |       |       |       |       |       |     3 ||     3
Armor: Robe              |    28 |    52 |    44 |       |       |       |       |       |       ||   124
       Swamp dragon scal |       |       |    21 |   218 |   387 |   343 |    37 |       |       ||  1006
       Skin              |       |       |     9 |       |    12 |       |       |       |       ||    21
       Ice dragon scales |       |       |       |       |       |       |   207 |   233 |   109 ||   549
Dodge: Dodged            |    23 |    29 |    57 |   152 |   345 |   393 |   238 |   232 |    69 ||  1538
Block: Kite shield       |    20 |    36 |    61 |   218 |   494 |   585 |   485 |   594 |   151 ||  2644

Table legend: (Time is in decaauts)
 A = Elapsed time spent in this place.
 B = Non-inter-level travel time spent in this place.
 C = Inter-level travel time spent in this place.
 D = Time resting spent in this place.
 E = Time spent auto-exploring this place.
 F = Levels seen in this place.
 G = Mean time per level.
                   A        B        C        D        E       F      G
               +--------+--------+--------+--------+--------+-----+--------+
         Total |  54930 |  48776 |   6154 |   5451 |  22500 |  52 | 1056.3 |
       Dungeon |  15884 |  13764 |   2120 |   1141 |   7859 |  15 | 1058.9 |
        Temple |     62 |     62 |      0 |      0 |      0 |   1 |   62.0 |
          Lair |   6480 |   5495 |    985 |    992 |   2313 |   5 | 1296.0 |
        Shoals |   4749 |   4270 |    479 |    451 |   1527 |   4 | 1187.2 |
   Spider Nest |   4594 |   4223 |    371 |    847 |   1065 |   4 | 1148.5 |
  Orcish Mines |   1609 |   1503 |    106 |    217 |    597 |   2 |  804.5 |
   Elven Halls |   3664 |   3387 |    277 |    444 |   1441 |   3 | 1221.3 |
        Vaults |   7187 |   6388 |    799 |    170 |   3873 |   5 | 1437.4 |
         Crypt |   3288 |   2996 |    292 |    100 |   1918 |   3 | 1096.0 |
        Depths |   4251 |   3707 |    544 |    370 |   1859 |   4 | 1062.8 |
           Zot |   2992 |   2815 |    177 |    716 |      0 |   5 |  598.4 |
        Bazaar |    165 |    165 |      0 |      0 |     48 |   1 |  165.0 |
               +--------+--------+--------+--------+--------+-----+--------+

Top non-repeatable levels by time:
   Elf:3: 2135 daAuts
Vaults:3: 1655 daAuts
  Lair:2: 1637 daAuts
    D:15: 1630 daAuts
     D:6: 1513 daAuts
Vaults:2: 1506 daAuts
  Lair:3: 1504 daAuts
    D:13: 1462 daAuts
Vaults:1: 1438 daAuts
Depths:4: 1431 daAuts
Vaults:5: 1367 daAuts
Shoals:4: 1316 daAuts
Spider:4: 1316 daAuts
 Crypt:3: 1306 daAuts
  Lair:4: 1257 daAuts
